Map: Cerulean Fall LE

Players

llllllllllll

  • Race: Zerg Zerg
  • League: Master
  • Spawn Location: 7:00

IIIIIlIIIIII - Winner!

  • Race: Terran Terran
  • League: Master
  • Spawn Location: 1:00

VOD

Have the link to the VOD?

Description

TvZ imba bc rush

Time

  • Played on: Dec. 4, 2018, 6:25 a.m.
  • Length: 7:47
Show
View Real Time Build Order
Export as new Build Order

llllllllllll Zerg 

Build Orders: Hatch First 

Get SALT Encoding   

  12  0:01  Drone  
  13  0:12  Overlord  
  13  0:17  Drone  
  14  0:31  Drone x2  
  14  0:34  Drone  
  17  0:52  Hatchery  
  17  0:55  Drone  
  17  0:58  Drone  
  18  1:08  Extractor  
  17  1:13  Spawning Pool  
  17  1:16  Drone  
  17  1:19  Drone  
  18  1:28  Drone  
  19  1:39  Overlord  
  19  1:49  Drone  
  20  1:59  Queen  
  20  2:00  Zergling x2  
  23  2:04  Queen  
  23  2:05  Zergling x2  
  23  2:07  Metabolic Boost  
  26  2:11  Drone  
  26  2:15  Drone  
  28  2:22  Drone  
  29  2:27  Overlord  
  29  2:34  Overlord  
  29  2:39  Queen  
  29  2:41  Drone  
  32  2:45  Drone  
  32  2:48  Spore Crawler  
  32  2:55  Spore Crawler, Queen  
  33  2:59  Drone  
  33  3:03  Drone  
  33  3:04  Drone  
  36  3:06  Zergling x2  
  37  3:15  Queen  
  37  3:18  Overlord  
  39  3:22  Zergling x4  
  39  3:25  Zergling x2  
  42  3:27  Zergling x2  
  42  3:30  Zergling x2  
  44  3:39  Queen  
  46  3:42  Zergling x4  
  46  3:45  Drone  
  49  3:48  Zergling x4  
  51  3:59  Drone  
  51  4:00  Overlord  
  52  4:09  Overlord  
  52  4:10  Overlord  
  52  4:18  Queen x2  
  55  4:32  Zergling x6  
  58  4:43  Overlord  
  58  4:55  Overlord  
  62  5:00  Zergling x14  
  69  5:10  Lair  
  59  5:35  Drone x3  
  61  5:36  Drone x2  
  61  5:38  Extractor  
  61  5:39  Extractor, Queen  
  64  5:46  Drone x3  
  64  5:47  Spore Crawler, Drone x2  
  68  5:50  Hatchery  
  67  6:03  Drone  
  67  6:06  Extractor  
  67  6:09  Spire  
  66  6:12  Spire  
  66  6:13  Drone x3  
  66  6:14  Drone  
  66  6:15  Queen, Drone  
  72  6:26  Drone x5  
  72  6:32  Overlord  
  77  6:38  Queen  
  76  6:58  Queen  
  76  6:59  Overlord  
  78  7:01  Zergling x2  
  78  7:07  Zergling x2  
  78  7:09  Spine Crawler x2  
  78  7:10  Spine Crawler  
  69  7:18  Zergling x2  
  69  7:19  Zergling x10  
Show
View Real Time Build Order
Export as new Build Order

IIIIIlIIIIII Terran - Winner!

Build Orders: 1/1/1 

Get SALT Encoding   

  12  0:00  SCV  
  13  0:12  SCV  
  14  0:18  Supply Depot  
  14  0:24  SCV  
  15  0:29  Refinery  
  15  0:39  SCV  
  16  0:46  Barracks  
  16  0:51  SCV  
  16  0:56  Refinery  
  17  1:03  SCV  
  18  1:15  SCV  
  19  1:32  Orbital Command  
  19  1:33  Marine  
  19  1:39  Factory  
  20  1:48  Supply Depot  
  20  1:58  SCV  
  21  2:05  Marine  
  22  2:10  SCV  
  23  2:22  Marine, SCV  
  24  2:23  Starport  
  24  2:28  Hellion  
  27  2:34  SCV  
  28  2:40  Marine, Supply Depot  
  29  2:48  SCV  
  30  2:58  Marine  
  30  3:02  Weapon Refit, Medivac, SCV  
  30  3:04  Fusion Core  
  34  3:10  Supply Depot  
  34  3:14  SCV  
  34  3:16  Marine  
  34  3:19  Hellion  
  38  3:26  SCV  
  39  3:32  Starport Tech Lab, Supply Depot  
  39  3:51  Battlecruiser  
  45  3:56  SCV  
  46  4:07  Marine  
  46  4:09  Hellion  
  49  4:15  Supply Depot  
  49  4:23  Bunker  
  49  4:29  Bunker  
  49  5:04  Marine  
  49  5:05  Hellion  
  52  5:18  Battlecruiser  
  50  5:42  Marine, Hellion  
  53  5:48  Command Center  
  53  6:03  Hellion  
  55  6:16  SCV  
  56  6:23  Battlecruiser  
  62  6:51  Supply Depot  
  62  6:59  Hellion  
Tags
 
Add a new tag
Caveats
  • Supply blocks, unpowered buildings, or Contaminate may cause inaccurate times.
  • Supply counts are checked every 10 seconds.